 Dungeon Crawl Stone Soup version 0.20-a0-1122-gb7cbeb9 (webtiles) character file.

10115 Naow the Cleaver (level 11, -1/83 HPs)
             Began as a Formicid Fighter on May 13, 2017.
             Was an Elder of Okawaru.
             Slain by a large slime creature (18 damage)
             ... on level 10 of the Dungeon.
             The game lasted 00:18:07 (10509 turns).

Naow the Cleaver (Formicid Fighter)                Turns: 10509, Time: 00:18:08

Health: -1/83      AC: 14    Str: 25    XL:     11   Next: 87%
Magic:  9/11       EV: 18    Int:  9    God:    Okawaru [****..]
Gold:   666        SH: 14    Dex: 14    Spells: 10/10 levels left

rFire    . . .     SeeInvis +   L - +10 hand axe "Ciezurph" {chop, rElec rPois Str+2}
rCold    . . .     Gourm    .   c - +0 shield
rNeg     . . .     Faith    .   b - +0 scale mail
rPois    +         Spirit   .   (helmet unavailable)
rElec    +         Reflect  .   C - +0 cloak
rCorr    .         Harm     .   (no gloves)
MR       +....                  O - +2 pair of boots
Stlth    ++........             (no amulet)
Regen    0.3/turn               e - +5 ring of evasion
MPRegen  0.2/turn               m - +4 ring of dexterity

@: heroism
A: permanent stasis, dig shafts and tunnels, four strong arms, antennae 3
a: Dig, Shaft Self, Heroism, Renounce Religion


You were on level 10 of the Dungeon.
You worshipped Okawaru.
Okawaru was greatly pleased with you.
You were not hungry.

You visited 2 branches of the dungeon, and saw 11 of its levels.
You also visited: Ossuary.

You collected 666 gold pieces.

Inventory:

Hand Weapons
 a - a +0 war axe
 L - the +10 hand axe "Ciezurph" (weapon) {chop, rElec rPois Str+2}
   (You found it on level 6 of the Dungeon)

   It inflicts extra damage upon your enemies.
   It affects your strength (+2).
   It insulates you from electricity.
   It protects you from poison.
Missiles
 v - 250 stones (quivered)
Armour
 b - a +0 scale mail (worn)
 c - a +0 shield (worn)
 C - a +0 cloak (worn)
 O - a +2 pair of boots (worn)
Jewellery
 e - a +5 ring of evasion (left hand)
 m - a +4 ring of dexterity (right hand)
 Q - an uncursed ring of wizardry {unknown}
 T - a +5 ring of protection {unknown}
Wands
 p - a wand of acid (10/15)
 x - a wand of flame (38/48)
 I - a wand of acid (9/15)
 K - a wand of acid (3/15)
 U - a wand of digging (17/24)
Scrolls
 h - 9 scrolls of remove curse {unknown}
 j - 13 scrolls of identify {unknown}
 l - 2 scrolls of immolation
 o - 2 scrolls of fear {unknown}
 q - 2 scrolls of recharging
 t - a scroll of random uselessness {unknown}
 u - a scroll of enchant armour {unknown}
 w - 6 scrolls of teleportation
 y - 2 scrolls of blinking {unknown}
 G - 3 scrolls of amnesia
 H - 2 scrolls of noise {unknown}
 J - 2 scrolls of silence
 M - 3 scrolls of magic mapping
 R - a scroll of enchant weapon {unknown}
 S - a scroll of fog {unknown}
Potions
 d - 4 potions of might
 i - 2 potions of mutation {unknown}
 k - 2 potions of agility {unknown}
 r - 9 potions of curing
 s - 5 potions of brilliance {unknown}
 z - 2 potions of degeneration {unknown}
 A - 3 potions of flight {unknown}
 D - 3 potions of resistance {unknown}
 E - 3 potions of heal wounds {unknown}
 F - 4 potions of lignification {unknown}
 N - 3 potions of haste {unknown}
 P - a potion of ambrosia {unknown}
 V - a potion of magic {unknown}
Books
 B - Jessica's Tome of Unholy Magic
   (You found it on level 3 of the Dungeon)

   Spells                             Type                      Level
   a - Animate Skeleton               Necromancy                   1
   b - Pain                           Necromancy                   1
Comestibles
 f - 11 bread rations
 g - 5 fruits
 n - 5 meat rations


   Skills:
 + Level 6.9(11.9) Fighting
 * Level 13.2(18.2) Axes
 + Level 8.3(13.3) Armour
 - Level 10.0(15.0) Shields


You had 10 spell levels left.
You didn't know any spells.

Dungeon Overview and Level Annotations

Branches:
Dungeon (10/15)            Temple (1/1) D:6            Lair (0/6) D:10
    Orc (0/2) D:9

Altars:
Ashenzari
Cheibriados
Dithmenos
Elyvilon
Fedhas
Gozag
Hepliaklqana
Kikubaaqudgha
Makhleb
Nemelex Xobeh
Okawaru
Qazlal
Ru
Sif Muna
Trog
Uskayaw
Vehumet
Wu Jian
Xom
Yredelemnul
Zin
The Shining One
Lugonu


Innate Abilities, Weirdness & Mutations

You cannot be hasted, slowed, berserked, paralysed or teleported.
You can dig through walls and to a lower floor.
Your four strong arms can wield two-handed weapons with a shield.
You have a pair of large antennae on your head. (SInv)


Message History

You are too injured to fight recklessly!
You are too injured to fight recklessly!
You are too injured to fight recklessly!
You gain the combat prowess of a mighty hero.
You block the large slime creature's attack.
You slash the large slime creature!
The large slime creature is moderately wounded.
You hit the large slime creature.
The large slime creature is heavily wounded.
The large slime creature hits you but does no damage.
You slash the large slime creature!
The large slime creature is heavily wounded.
You slash the large slime creature!
The large slime creature is heavily wounded.
The large slime creature hits you!
* * * LOW HITPOINT WARNING * * *
Your scale mail prevents you from hitting the large slime creature.
The large slime creature is heavily wounded.
The large slime creature hits you!!
You die...

### ..# ############ #.#
#...รท......# #.#
#.########.# #.# #.# #....
#.# ###.# #.... #.#
#>#.######....
#J###........#....
#@##...##....#....
#.##.#.#.....###.# #.
#.##.#..####...... #.#
#.#......## #.###.# #.#
#........#####.....#
#####.#########.#.)...))#####
.........# #.#.#####((....
##...#.######.#.).)..[####.
#.#.#.......>..###..#.# #.


You could see a large slime creature.

Vanquished Creatures
  Gastronok (D:9)
  2 two-headed ogres (D:9)
  The ghost of Naow the Cleaver, a novice MiBe of Trog (D:8)
  Pikel (D:8)
  Joseph (D:8)
  The ghost of Bikalo the Poker, a novice DsCK of Xom (D:5)
  Prince Ribbit (D:7)
  2 slime creatures (D:10)
  A spriggan (D:7)
  4 yaks (D:9)
  Duvessa (D:7)
  A water moccasin (D:10)
  2 orc warriors
  An ice beast (D:10)
  4 slaves (D:8)
  A sky beast (D:5)
  A necrophage (D:10)
  3 ogres
  A phantom (D:9)
  4 centaurs
  2 big kobolds
  5 bullfrogs
  Dowan (D:7)
  10 scorpions
  3 killer bees (D:9)
  3 howler monkeys (D:9)
  2 crimson imps
  A bullfrog zombie (D:5)
  4 centaur zombies (Ossuary)
  2 hounds
  2 human zombies (Ossuary)
  A jelly (D:7)
  Crazy Yiuf (D:3)
  4 orc priests
  3 bullfrog skeletons
  12 orc wizards
  2 centaur skeletons
  Jessica (D:3)
  Terence (D:3)
  An iguana (D:6)
  6 worker ants
  2 killer bee zombies (D:4)
  3 mummies (Ossuary)
  A howler monkey zombie (D:6)
  3 gnolls (D:6)
  5 scorpion zombies (Ossuary)
  5 adders
  A howler monkey skeleton (D:6)
  3 shadow imps
  An ooze (D:2)
  2 adder zombies
  An adder skeleton (D:4)
  3 worms
  4 dart slugs
  3 leopard geckos
  25 orcs
  7 giant cockroaches
  5 goblins
  7 hobgoblins
  11 jackals
  6 quokkas
  A ball python (D:7)
  8 bats
  8 frilled lizards
  A goblin zombie (Ossuary)
  A hobgoblin zombie (Ossuary)
  17 kobolds
  4 kobold zombies (Ossuary)
  A leopard gecko skeleton (D:6)
  A quokka zombie (D:6)
  8 rats
249 creatures vanquished.

Notes
Turn   | Place    | Note
-------+----------+-------------------------------------------
     0 | D:1      | Naow the Formicid Fighter began the quest for the Orb.
     0 | D:1      | Reached XP level 1. HP: 18/18 MP: 1/1
   466 | D:1      | Reached XP level 2. HP: 22/24 MP: 2/2
   906 | D:2      | Reached XP level 3. HP: 29/29 MP: 3/3
   925 | D:2      | Reached skill level 3 in Axes
  1285 | D:2      | Found a blossoming altar of Fedhas.
  1394 | D:2      | Reached XP level 4. HP: 32/35 MP: 4/4
  1489 | D:2      | Found a bloodstained altar of Trog.
  1692 | D:3      | Found a runed door.
  1746 | D:3      | Noticed Terence
  1758 | D:3      | Killed Terence
  1780 | D:3      | Reached skill level 4 in Axes
  1856 | D:3      | Found a glowing golden altar of the Shining One.
  1857 | D:3      | Found an opulent altar of Gozag.
  1859 | D:3      | Found a hide-covered altar of Uskayaw.
  2041 | D:3      | Found a shimmering altar of Xom.
  2060 | D:3      | Found an ancient bone altar of Kikubaaqudgha.
  2094 | D:3      | Found a burning altar of Makhleb.
  2162 | D:3      | Reached XP level 5. HP: 41/41 MP: 5/5
  2205 | D:3      | Noticed Jessica
  2209 | D:3      | Killed Jessica
  2223 | D:3      | Identified Jessica's Tome of Unholy Magic
  2245 | D:3      | Noticed a balrug
  2530 | D:3      | Noticed Crazy Yiuf
  2541 | D:3      | Killed Crazy Yiuf
  2541 | D:3      | Reached skill level 5 in Shields
  2642 | D:4      | Reached XP level 6. HP: 47/47 MP: 6/6
  2878 | D:4      | Reached skill level 5 in Axes
  3004 | D:4      | Found a radiant altar of Vehumet.
  3368 | D:4      | Noticed an orc warrior
  3383 | D:4      | Killed an orc warrior
  3383 | D:4      | Reached skill level 6 in Axes
  3383 | D:4      | Reached XP level 7. HP: 24/52 MP: 7/7
  3652 | D:5      | Entered Level 5 of the Dungeon
  3655 | D:5      | Found a hazy altar of Hepliaklqana.
  3655 | D:5      | Found a shattered altar of Ashenzari.
  3662 | D:5      | Noticed Bikalo's ghost (novice DsCK)
  4684 | D:5      | Reached skill level 7 in Axes
  4687 | D:5      | Reached XP level 8. HP: 17/58 MP: 8/8
  4857 | D:5      | Found a white marble altar of Elyvilon.
  5126 | D:5      | Killed Bikalo's ghost
  5126 | D:5      | Reached skill level 8 in Axes
  5393 | D:5      | Found a sparkling altar of Nemelex Xobeh.
  5469 | D:6      | Found a staircase to the Ecumenical Temple.
  5490 | Temple   | Entered the Ecumenical Temple
  5512 | Temple   | Became a worshipper of Warmaster Okawaru
  5597 | D:6      | Reached XP level 9. HP: 51/64 MP: 9/9
  5800 | D:6      | Reached skill level 9 in Axes
  6395 | D:6      | Got a twisted hand axe
  6396 | D:6      | Identified the +10 hand axe "Ciezurph" {chop, rElec rPois Str+2} (You found it on level 6 of the Dungeon)
  7153 | D:7      | Noticed Prince Ribbit
  7167 | D:7      | Killed Prince Ribbit
  7167 | D:7      | Reached * piety under Okawaru
  7167 | D:7      | Reached skill level 10 in Axes
  7309 | D:7      | Noticed Duvessa
  7311 | D:7      | Noticed Dowan
  7316 | D:7      | Killed Duvessa
  7322 | D:7      | Killed Dowan
  7860 | D:8      | Found a sand-covered staircase.
  7872 | Ossuary  | Entered an ossuary
  7937 | Ossuary  | Reached XP level 10. HP: 70/70 MP: 10/10
  7949 | Ossuary  | Reached skill level 5 in Armour
  7992 | Ossuary  | Reached ** piety under Okawaru
  8197 | D:8      | Noticed Naow's ghost (novice MiBe)
  8215 | D:8      | Killed Naow's ghost
  8215 | D:8      | Reached skill level 11 in Axes
  8215 | D:8      | Reached skill level 10 in Shields
  8236 | D:8      | Noticed Pikel
  8252 | D:8      | Killed Pikel
  8484 | D:8      | Noticed Joseph
  8501 | D:8      | Killed Joseph
  8952 | D:8      | Found a sacrificial altar of Ru.
  9022 | D:9      | Noticed a two-headed ogre
  9023 | D:9      | Noticed Gastronok
  9036 | D:9      | Killed a two-headed ogre
  9036 | D:9      | Reached *** piety under Okawaru
  9036 | D:9      | Reached skill level 12 in Axes
  9036 | D:9      | Reached XP level 11. HP: 53/78 MP: 8/11
  9039 | D:9      | Reached skill level 5 in Fighting
  9054 | D:9      | Killed Gastronok
  9397 | D:9      | Found a snail-covered altar of Cheibriados.
  9485 | D:9      | Found a staircase to the Orcish Mines.
  9742 | D:9      | Noticed a two-headed ogre
  9749 | D:9      | Killed a two-headed ogre
  9749 | D:9      | Reached **** piety under Okawaru
  9810 | D:9      | Found a shimmering altar of Xom.
  9830 | D:9      | Found a stormy altar of Qazlal.
  9875 | D:9      | Reached skill level 13 in Axes
 10103 | D:10     | Entered Level 10 of the Dungeon
 10180 | D:10     | Found a staircase to the Lair.
 10509 | D:10     | Slain by a large slime creature

Vault maps used:
D:1:      dpeg_arrival_orchard
D:2:      lemuel_doored_altar, lightli_temple_of_fire, first_bread
D:3:      kiku_gazebo_pond_becter, xom_teletrap_fun, makhleb_altar_promises_db,
          grunt_temple_overflow_open, serial_glass, glass_columns_a,
          glass_columns_a, serial_bayou_pond_a, minivault_5,
          kennysheep_jessica_study, uniq_crazy_yiuf_cottage, uniq_terence
D:4:      kennysheep_little_box, grunt_ministairs_3, corexii_checkpoint_a,
          hangedman_abyss_or_decor_lesser_grid
D:5:      kennysheep_mini, elyvilon_altar_5,
          chequers_temple_overflow_statue_of_worship
D:6:      temple_fountains
D:7:      the_bakery, uniq_duvessa, uniq_prince_ribbit1
D:8:      nicolae_ru_the_path_less_chosen, nicolae_ossuary_entry_monument,
          uniq_pikel, uniq_joseph
D:9:      grunt_qazlal_clouds, slow_altar_1, orc_0_dummy, basic_altar,
          uniq_gastronok
D:10:     lair_entry_dummy, serial_shops, nicolae_shop_window_shopping
Temple:   corrupted_temple
Ossuary:  ossuary_minmay_scorpions

Skill      XL: |  1  2  3  4  5  6  7  8  9 10 11 |
---------------+----------------------------------+-----
Shields        | 4 5 6 8 9 10 | 10.0
Axes           | 3 4 6 7 8 10 12 13 | 13.2
Armour         | 4 7 8 |  8.3
Fighting       | 4 6 |  6.9

Action                   |  1- 3 |  4- 6 |  7- 9 | 10-12 || total
-------------------------+-------+-------+-------+-------++-------
Melee: War axe           |   111 |   129 |   229 |       ||   469
       Hand axe          |       |       |    73 |   273 ||   346
Invok: Heroism           |       |       |     1 |     4 ||     5
  Use: Scroll            |       |       |     6 |       ||     6
  Eat: Chunk             |     2 |     6 |    15 |     7 ||    30
       Fruit             |       |       |       |     1 ||     1
Armor: Scale mail        |    44 |    42 |    49 |    34 ||   169
Dodge: Dodged            |    40 |    61 |   114 |    81 ||   296
Block: Shield            |    66 |    67 |   147 |   112 ||   392
